 Dungeon Crawl Stone Soup version 0.27-a0-538-g15ff5c5295 (webtiles) character file.

Game seed: 8581865002842232683

22267 sahdkjhfkaj the Jinx (level 12, -4/103 HPs)
             Began as a Vampire Transmuter on Mar 6, 2021.
             Was an Elder of Ashenzari.
             Slain by a troll (6 damage)
             ... on level 13 of the Dungeon.
             The game lasted 00:25:49 (15283 turns).

sahdkjhfkaj the Jinx (Vampire Transmuter)          Turns: 15283, Time: 00:25:49

Health: -4/103     AC:  4    Str: 10    XL:     12   Next: 61%
Magic:  17/18      EV: 16    Int: 19    God:    Ashenzari [****..]
Gold:   712        SH:  5    Dex: 15    Spells: 4/19 levels left

rFire    . . .     SeeInvis +     - Unarmed
rCold    + . .     Faith    .   (shield currently unavailable)
rNeg     . . .     Spirit   .   e - +0 robe of Ashenzari's Negligence {Evo, Alch} (curse)
rPois    +         Reflect  +   n - +0 helmet "Gaze Upon Infinity" {Melee, Fort} (curse)
rElec    .         Harm     .   d - +0 cloak of the Sky {Evo, Comp} (curse)
rCorr    .         Rampage  .   (gloves currently unavailable)
Will     +....     Clarity  +   (no boots)
Stlth    ++++......             q - amulet of the Eternal Affliction {Reflect SH+5, Self, Evo} (curse)
HPRegen  0.47/turn              r - ring of Ashenzari's Sorrow {rPois, Melee, Comp} (curse)
MPRegen  0.16/turn              A - ring of Ashenzari's Malaise {rC+, Fort, Range} (curse)

@: blade hands, regenerating quickly
A: fangs 3, see invisible, unbreathing 1
a: Exsanguinate, End Transformation, Renounce Religion, Curse Item, Shatter the
Chains


You were on level 13 of the Dungeon.
You worshipped Ashenzari.
Ashenzari was greatly pleased with you.
You had blades for hands.
You visited 1 branch of the dungeon, and saw 13 of its levels.
You also visited: Gauntlet.

You collected 712 gold pieces.

Inventory:

Missiles
 a - 2 throwing nets
Armour
 d - the cursed +0 cloak of the Sky (worn) {Evo, Comp}
   (You took it off Crazy Yiuf on level 2 of the Dungeon)

   It has a curse placed upon it.
 e - the cursed +0 robe of Ashenzari's Negligence (worn) {Evo, Alch}

   It has a curse placed upon it.
 n - the cursed +0 helmet "Gaze Upon Infinity" (worn) {Melee, Fort}
   (You found it on level 3 of the Dungeon)

   It has a curse placed upon it.
 w - the cursed +0 pair of gloves "Profound Fetters" (melded) {Cun, Comp}
   (You found it on level 8 of the Dungeon)

   It has a curse placed upon it.
Jewellery
 q - the cursed amulet of the Eternal Affliction (around neck) {Reflect SH+5, Self, Evo}
   (You found it on level 5 of the Dungeon)

   [amulet of reflection]

   It shields you and reflects attacks.
   It affects your SH (+5).
   It has a curse placed upon it.
 r - the cursed ring of Ashenzari's Sorrow (left blade hand) {rPois, Melee, Comp}
   (You found it on level 5 of the Dungeon)

   [ring of poison resistance]

   It protects you from poison.
   It has a curse placed upon it.
 A - the cursed ring of Ashenzari's Malaise (right blade hand) {rC+, Fort, Range}
   (You found it on level 8 of the Dungeon)

   [ring of protection from cold]

   It protects you from cold.
   It has a curse placed upon it.
Wands
 j - a wand of flame (58)
 m - a wand of paralysis (5)
 p - a wand of charming (10)
 v - a wand of random effects (19)
 E - a wand of digging (16)
 G - a wand of iceblast (6)
 I - a wand of polymorph (6)
 J - a wand of mindburst (12)
Scrolls
 b - 3 scrolls of magic mapping
 f - 3 scrolls of teleportation
 t - 2 scrolls of immolation
 u - a scroll of fog
 y - 3 scrolls of enchant armour
 B - a scroll of fear
 C - a scroll of enchant weapon
 D - 2 scrolls of amnesia
Potions
 c - a potion of cancellation
 g - 4 potions of lignification
 h - a potion of haste
 i - a potion of magic
 k - 3 potions of brilliance
 l - 6 potions of curing
 o - 2 potions of might
 s - a potion of resistance
 x - a potion of berserk rage
 z - a potion of ambrosia
 F - a potion of mutation
Miscellaneous
 H - a tin of tremorstones (2/2)


   Skills:
 - Level 10.2(12.9) Fighting
 - Level 4.1(6.9) Slings
 - Level 1.0(3.8) Throwing
 - Level 1.3(4.1) Armour
 - Level 8.2 Dodging
 - Level 8.8 Stealth
 - Level 10.7(14.9) Unarmed Combat
 - Level 2.0(4.2) Spellcasting
 - Level 3.7 Conjurations
 + Level 11.3 Hexes
 - Level 5.4(8.3) Transmutations
 - Level 3.0(5.4) Poison Magic
 - Level 2.0(6.3) Evocations


You had 4 spell levels left.
You knew the following spells:

 Your Spells              Type           Power      Damage    Failure   Level
a - Beastly Appendage     Tmut           70%        N/A       11%         1
i - Invisibility          Hex            47%        N/A       61%         6
x - Spider Form           Tmut/Pois      15%        N/A       22%         3
z - Blade Hands           Tmut           17%        N/A       50%         5

Your spell library contained the following spells:

 Spells                   Type           Power      Damage    Failure   Level
 Slow                     Hex            47%        N/A       9%          2
 Confusing Touch          Hex            47%        N/A       11%         3
 Tukima's Dance           Hex            47%        N/A       11%         3
 Wereblood                Tmut           35%        N/A       13%         2
 Dazzling Flash           Conj/Hex       64%        N/A       21%         3
 Magic Dart               Conj           72%        1d6       26%         1
 Searing Ray              Conj           36%        3d4       30%         2
 Fulminant Prism          Conj/Hex       16%        3d11      36%         4
 Mephitic Cloud           Conj/Pois/Air  15%        N/A       50%         3
 Apportation              Tloc           6%         N/A       54%         1
 Call Imp                 Summ           6%         N/A       56%         2
 Conjure Flame            Conj/Fire      11%        6-21      61%         3
 Blink                    Tloc           N/A        N/A       63%         2
 Ice Form                 Ice/Tmut       19%        N/A       67%         4
 Petrify                  Tmut/Erth      19%        N/A       67%         4
 Gell's Gravitas          Tloc           1%         N/A       80%         3
 Lesser Beckoning         Tloc           1%         N/A       80%         3
 Iskenderun's Mystic Bla  Conj/Tloc      11%        2d4       89%         4
 Yara's Violent Unravell  Hex/Tmut       20%        3d9       38%         5
 Alistair's Intoxication  Tmut/Pois      20%        N/A       65%         5
 Metabolic Englaciation   Hex/Ice        12%        N/A       78%         5


Dungeon Overview and Level Annotations

Branches:
Dungeon (13/15)            Temple (0/1) D:5            Lair (0/6) D:10
    Orc (0/2) D:9         Gauntlet (visited)
 Vaults: D:13-14

Altars:
Ashenzari
Elyvilon
Hepliaklqana
Okawaru
Qazlal
Ru
Sif Muna
Vehumet
Yredelemnul
The Shining One
Beogh

Shops:
D:4 [   D:10 (   D:11 ?[


Innate Abilities, Weirdness & Mutations

Your natural rate of healing is unusually fast.
You have razor-sharp teeth.
You have supernaturally acute eyesight. (SInv)
You can survive without breathing.


Message History

You kill the centaur!
The iceblast engulfs the centaur!!
You kill the centaur!
The iceblast engulfs the boulder beetle but does no damage.
You hear a shout!
The boulder beetle leaps!
Unknown command.
Unknown command.
You close the door, pushing everything out of the way.
A troll comes into view.
You barely miss the troll. The troll barely misses you. The troll misses you.
You block the troll's attack.
You hit the troll.
The troll is lightly wounded.
You hit the troll.
The troll is lightly wounded.
You block the troll's attack. The troll misses you.
The troll closely misses you.
You slice the troll!!
The troll is severely wounded.
The troll bites you! The troll claws you.
* * * LOW HITPOINT WARNING * * *
The troll claws you.
* * * LOW HITPOINT WARNING * * *
You hit the troll. Your bite misses the troll.
The troll is severely wounded.
Unknown command.
You completely miss the troll.
The troll is severely wounded.
The troll bites you!
* * * LOW HITPOINT WARNING * * *
The troll claws you!
* * * LOW HITPOINT WARNING * * *
The troll closely misses you.
Aiming: Paralyse
Press: ? - help, Shift-Dir - straight line, f - troll
Aim: a troll (heavily wounded, chance to affect: 65%)
The troll struggles to resist.
The troll completely misses you. The troll barely misses you.
The troll claws you.
You die...

, , , ,* , , , , * ,,,, *
#............* ** , * ,
#...[........#
##.c...######............#
....cc.#..........>......#
......c#.......(.........#
.......#.................#
.......#........T........#
*#.....#........@........#
##.....#.....###'#.......#
......|#[....#...#.......#
....{{{+)....#...#..>....#
..B{..°#$....'...#)......#
##.....#.....#...#.......##
*#######.....#...#.......##
,* #.....#...#.......##
#.....#...#.......##


You could see a troll.

Vanquished Creatures
  Rupert (D:12)
  2 boulder beetles
  A centaur warrior (D:13)
  3 two-headed ogres
  Nergalle (D:11)
  An unseen horror (D:12)
  3 deep elf pyromancers
  4 ugly things
  A manticore (D:11)
  2 gargoyles
  Maggie (D:10)
  A kobold demonologist (D:12)
  A rime drake (Gauntlet)
  3 trolls
  2 slime creatures (Gauntlet)
  Sigmund (D:2)
  A wraith (D:10)
  A vampire (D:12)
  11 yaks
  Grum (D:11)
  2 soldier ants (Gauntlet)
  An acid dragon (D:11)
  A water moccasin (D:8)
  A swamp drake (D:9)
  5 ice beasts
  A sky beast (D:12)
  A black bear (D:10)
  An eye of draining (D:12)
  2 necrophages
  2 orc warriors
  2 ogres
  2 wolves (D:11)
  15 centaurs
  2 phantoms
  A kobold brigand (D:9)
  5 bullfrogs
  4 scorpions
  10 wights
  4 howler monkeys
  2 centaur zombies
  2 quasits (D:8)
  2 bullfrog skeletons
  A crimson imp (D:9)
  5 orc priests
  A gnoll shaman (D:8)
  6 hounds
  An iron imp (D:9)
  6 jellies
  Crazy Yiuf (D:2)
  5 centaur skeletons
  6 iguanas
  14 orc wizards
  9 worker ants
  2 hound zombies
  13 adders
  5 gnolls (D:8)
  3 shadow imps
  2 white imps
  3 ufetubi (D:5)
  4 oozes
  An adder zombie (D:7)
  2 adder skeletons
  3 worms
  4 dart slugs
  3 leopard geckos
  43 orcs
  6 giant cockroaches
  7 goblins
  10 hobgoblins
  15 jackals
  13 kobolds
  8 quokkas
  A ball python (D:4)
  7 bats
  6 frilled lizards
  3 quokka zombies
  4 rats
333 creatures vanquished.

Vanquished Creatures (others)
  An adder (D:8)
  7 fungi
  9 plants (D:10)
  A withered plant (D:5)
18 creatures vanquished.

Grand Total: 351 creatures vanquished

Notes
Turn   | Place    | Note
-------+----------+-------------------------------------------
     0 | D:1      | sahdkjhfkaj the Vampire Transmuter began the quest for the
                  | Orb.
     0 | D:1      | Reached XP level 1. HP: 14/14 MP: 3/3
    11 | D:1      | Reached skill level 1 in Fighting
   289 | D:1      | Reached XP level 2. HP: 21/21 MP: 1/5
   973 | D:2      | Found a broken altar of Ashenzari.
   984 | D:2      | Reached skill level 1 in Stealth
   984 | D:2      | Reached XP level 3. HP: 20/27 MP: 4/6
  1130 | D:2      | Learned a level 3 spell: Spider Form
  1168 | D:2      | Noticed Sigmund
  1174 | D:2      | Killed Sigmund
  1175 | D:2      | Reached skill level 1 in Poison Magic
  1175 | D:2      | Reached skill level 1 in Throwing
  1175 | D:2      | Reached XP level 4. HP: 22/33 MP: 5/7
  1175 | D:2      | Reached XP level 5. HP: 25/38 MP: 5/8
  1592 | D:2      | Became a worshipper of Ashenzari the Shackled
  2009 | D:2      | Found a runed translucent door.
  2010 | D:2      | Noticed Crazy Yiuf
  2165 | D:2      | HP: 1/37 [Crazy Yiuf/+3 quarterstaff of chaos (12)]
  2211 | D:2      | Killed Crazy Yiuf
  2310 | D:3      | Reached XP level 6. HP: 27/44 MP: 9/9
  2865 | D:3      | Identified the cursed +0 cloak of the Sky {Evo, Comp} (You
                  | took it off Crazy Yiuf on level 2 of the Dungeon)
  3175 | D:3      | Found a stormy altar of Qazlal.
  3453 | D:3      | Reached skill level 5 in Transmutations
  3911 | D:4      | Found Riggeqyo's Armour Emporium.
  3951 | D:4      | Reached * piety under Ashenzari
  4023 | D:4      | Identified the cursed +0 robe of Ashenzari's Negligence
                  | {Evo, Alch}
  4105 | D:4      | Found a radiant altar of Vehumet.
  4355 | D:4      | Found an iron altar of Okawaru.
  4506 | D:4      | Learned a level 5 spell: Blade Hands
  4780 | D:3      | Reached ** piety under Ashenzari
  4975 | D:4      | Reached XP level 7. HP: 37/52 MP: 7/10
  4987 | D:4      | Identified the cursed +0 helmet "Gaze Upon Infinity"
                  | {Melee, Fort} (You found it on level 3 of the Dungeon)
  5143 | D:5      | Entered Level 5 of the Dungeon
  5156 | D:5      | Reached skill level 5 in Unarmed Combat
  5323 | D:5      | Found a staircase to the Ecumenical Temple.
  5347 | D:5      | Found a basalt altar of Yredelemnul.
  5373 | D:5      | Found a shimmering blue altar of Sif Muna.
  5762 | D:5      | Reached XP level 8. HP: 38/61 MP: 8/11
  5901 | D:5      | Reached skill level 5 in Fighting
  6423 | D:6      | Reached skill level 1 in Slings
  7097 | D:7      | Found a hazy altar of Hepliaklqana.
  7289 | D:7      | Reached XP level 9. HP: 68/73 MP: 7/12
  7470 | D:7      | Reached *** piety under Ashenzari
  7686 | D:8      | Reached skill level 5 in Stealth
  8021 | D:8      | Reached skill level 5 in Dodging
  8160 | D:8      | Noticed a two-headed ogre
  8175 | D:7      | Killed a two-headed ogre
  8307 | D:7      | Reached **** piety under Ashenzari
  8323 | D:8      | Reached skill level 1 in Evocations
  8375 | D:8      | Identified the cursed +0 pair of gloves "Profound Fetters"
                  | {Cun, Comp} (You found it on level 8 of the Dungeon)
  8687 | D:9      | Noticed a troll
  8695 | D:9      | Killed a troll
  8696 | D:9      | Reached XP level 10. HP: 42/86 MP: 10/16
  9130 | D:9      | Noticed a deep elf pyromancer
  9141 | D:9      | Killed a deep elf pyromancer
  9200 | D:9      | Noticed a deep elf pyromancer
  9213 | D:9      | Killed a deep elf pyromancer
  9213 | D:9      | HP: 4/86 [burnt (2)]
  9545 | D:9      | Paralysed by an orc wizard for 2 turns
  9813 | D:9      | Noticed a two-headed ogre
  9843 | D:9      | Killed a two-headed ogre
  9844 | D:9      | Reached skill level 1 in Armour
  9844 | D:9      | Reached skill level 1 in Conjurations
 10123 | D:9      | Found a staircase to the Orcish Mines.
 10312 | D:9      | Found a sacrificial altar of Ru.
 10639 | D:10     | Entered Level 10 of the Dungeon
 10639 | D:10     | Found Numapuz's Weapon Shop.
 10639 | D:10     | Noticed Maggie
 10649 | D:10     | Killed Maggie
 10649 | D:10     | HP: 1/87 [black bear (4)]
 10650 | D:10     | Reached XP level 11. HP: 1/93 MP: 12/17
 11570 | D:10     | Found a staircase to the Lair.
 12394 | D:11     | Found Okoif's Magic Scroll Shoppe.
 12394 | D:11     | Noticed a green ugly thing
 12402 | D:11     | Killed a green ugly thing
 12548 | D:11     | Noticed Grum
 12564 | D:11     | Killed Grum
 12704 | D:11     | Noticed Nergalle
 12720 | D:11     | Killed Nergalle
 12888 | D:11     | Found Weij's Antique Armour Boutique.
 12993 | D:12     | Noticed a red ugly thing
 13000 | D:12     | Killed a red ugly thing
 13001 | D:12     | Found a gate leading to a gauntlet.
 13010 | Gauntlet | Entered a Gauntlet
 13010 | Gauntlet | Found a transporter.
 13010 | Gauntlet | Found a transporter.
 13010 | Gauntlet | Noticed a sixfirhy
 13025 | Gauntlet | Noticed a queen ant
 13079 | Gauntlet | Found a transporter.
 13082 | Gauntlet | Found a transporter.
 13091 | Gauntlet | Found a transporter.
 13094 | Gauntlet | Found a transporter.
 13096 | Gauntlet | Noticed a death ooze
 13102 | Gauntlet | Found a transporter.
 13117 | Gauntlet | Identified the +0 pair of gloves of the Dungeon {Rampage
                  | rF++}
 13118 | Gauntlet | Found a transporter.
 13119 | Gauntlet | Noticed a blizzard demon
 13132 | Gauntlet | Found a transporter.
 13136 | Gauntlet | Found a transporter.
 13137 | Gauntlet | Identified the Collected Works on Confrontation and
                  | Moulding
 13137 | Gauntlet | Noticed a sixfirhy
 13144 | Gauntlet | Found a transporter.
 13148 | Gauntlet | Found a transporter.
 13439 | Gauntlet | Identified the +5 arbalest of the Undead {flame, *Corrode
                  | rElec Str+3 Int+4 Dex+3}
 13439 | Gauntlet | Noticed a minotaur
 13440 | Gauntlet | Identified the +0 short sword of Veseghiq {freeze, rElec
                  | Int+2}
 13581 | D:12     | Reached skill level 10 in Unarmed Combat
 13645 | D:12     | Noticed a two-headed ogre
 13650 | D:12     | Killed a two-headed ogre
 13728 | D:12     | Noticed a boulder beetle
 13813 | D:12     | Noticed a deep elf pyromancer
 13826 | D:12     | Killed a deep elf pyromancer
 13827 | D:12     | Reached skill level 10 in Fighting
 14124 | D:12     | Noticed an unseen horror
 14129 | D:12     | Reached XP level 12. HP: 103/103 MP: 12/18
 14145 | D:12     | Learned a level 6 spell: Invisibility
 14299 | D:12     | Reached skill level 2 in Hexes
 14343 | D:12     | Reached skill level 3 in Hexes
 14565 | D:12     | Killed a boulder beetle
 14566 | D:12     | Reached skill level 5 in Hexes
 14701 | D:12     | Noticed Rupert
 14710 | D:12     | Killed Rupert
 14711 | D:12     | Reached skill level 8 in Hexes
 14979 | D:13     | Reached skill level 9 in Hexes
 15057 | D:13     | Noticed a boulder beetle
 15072 | D:13     | Killed a boulder beetle
 15073 | D:13     | Reached skill level 10 in Hexes
 15250 | D:13     | Noticed a centaur warrior
 15262 | D:13     | Killed a centaur warrior
 15263 | D:13     | Reached skill level 11 in Hexes
 15265 | D:13     | Noticed a boulder beetle
 15282 | D:13     | HP: 1/103 [troll (10)]
 15283 | D:13     | Slain by a troll

Illustrated notes

Levels and vault maps discovered:
D:1:      scummos_arrival_checkerplants, layout_loops_ring, serial_aquarium,
          aquarium_bridge_square [aquarium_subvault_balcony,
          aquarium_subvault_balcony, aquarium_subvault_bridge,
          aquarium_subvault_bridge], aquarium_window_3, aquarium_window_fake,
          aquarium_view_2a, aquarium_view_2e
D:2:      layout_basic, overflow_temple_1_default, uniq_crazy_yiuf_cottage,
          uniq_sigmund
D:3:      layout_loops_ring, grunt_qazlal_clouds, cheibrodos_sewer_entry_bend,
          minmay_circle_x
D:4:      layout_loops_corners, okawaru_ov_weapons_minmay,
          vehumet_altar_wand_db, serial_shops, shop
D:5:      layout_loops_cross, yredelemnul_altar_generic,
          minmay_temple_entry_antechambers, basic_altar
D:6:      layout_basic, gammafunk_temple_overflow_pools
D:7:      layout_rooms, nzn_hepliaklqana_mist_gate
D:8:      layout_basic, kennysheep_doodads, minmay_alternating_orb
D:9:      layout_cave_pools, nicolae_ru_great_annihilating_truth,
          minmay_orc_entry_temple_large, hangedman_minor_magic
D:10:     layout_roguey, grunt_lair_entry_orc_guard_hut, serial_shops, shop,
          small_statue_alley_a, abandoned_shop, uniq_maggie
D:11:     layout_roguey, serial_shops, shop, shop, serial_curves,
          eino_curves_01, eino_curves_02, eino_curves_04, uniq_grum,
          uniq_nergalle
D:12:     layout_stronghold, gauntlet_entry_generic, uniq_rupert
D:13:     layout_gridville

Skill      XL: |  1  2  3  4  5  6  7  8  9 10 11 12 |
---------------+-------------------------------------+-----
Fighting       | 1 2 3 4 7 8 10 | 10.2
Unarmed Combat | 4 5 7 10 | 10.7
Stealth        | 1 2 8 |  8.8
Poison Magic   | 2 3 |  3.0
Throwing       | 1 |  1.0
Transmutations | 4 5 |  5.4
Dodging        | 4 5 8 |  8.2
Slings         | 1 4 |  4.1
Evocations     | 2 |  2.0
Armour         | 1 |  1.3
Conjurations   | 2 3 |  3.7
Hexes          | 11 | 11.3
Spellcasting   | |  2.0

Action                   |  1- 3 |  4- 6 |  7- 9 | 10-12 || total
-------------------------+-------+-------+-------+-------++-------
Melee: Unarmed           |    53 |   135 |   255 |   417 ||   860
       Kick              |    18 |    11 |       |       ||    29
       Headbutt          |    11 |     4 |       |       ||    15
       Bite              |     5 |     9 |     6 |    31 ||    51
       Dagger            |    37 |    71 |       |       ||   108
       Punch             |     2 |       |     2 |    22 ||    26
 Cast: Beastly Appendage |    25 |    13 |       |       ||    38
       Spider Form       |       |    23 |    28 |     2 ||    53
       Blade Hands       |       |       |     8 |    71 ||    79
Invok: Curse Item        |       |     3 |     3 |     1 ||     7
 Abil: End Transformatio |       |     5 |     6 |     3 ||    14
Evoke: Wand              |       |       |       |     7 ||     7
  Use: Potion            |       |     3 |       |     2 ||     5
       Scroll            |       |       |       |     1 ||     1
 Stab: Sleeping          |     2 |     5 |     6 |     6 ||    19
       Paralysed         |       |       |       |     5 ||     5
       Distracted        |       |       |       |     1 ||     1
Armor: Robe              |    19 |    26 |    19 |    34 ||    98
       Skin              |       |     9 |     5 |     2 ||    16
Dodge: Dodged            |    45 |   141 |   229 |   242 ||   657
Block: Other             |       |       |    55 |    77 ||   132
       Reflection        |       |       |     4 |     5 ||     9

Table legend: (Time is in decaauts)
 A = Elapsed time spent in this place.
 B = Non-inter-level travel time spent in this place.
 C = Inter-level travel time spent in this place.
 D = Time resting spent in this place.
 E = Time spent auto-exploring this place.
 F = Levels seen in this place.
 G = Mean time per level.
                   A        B        C        D        E       F      G
               +--------+--------+--------+--------+--------+-----+--------+
         Total |  15146 |  14736 |    410 |    151 |  12269 |  14 | 1081.9 |
       Dungeon |  14680 |  14270 |    410 |    107 |  11988 |  13 | 1129.2 |
      Gauntlet |    465 |    465 |      0 |     44 |    281 |   1 |  465.0 |
               +--------+--------+--------+--------+--------+-----+--------+

Top non-repeatable levels by time:
     D:9: 1974 daAuts
    D:12: 1487 daAuts
     D:4: 1484 daAuts
     D:3: 1370 daAuts
     D:2: 1311 daAuts
    D:10: 1102 daAuts
    D:11: 1041 daAuts
     D:5: 996 daAuts
     D:7: 976 daAuts
     D:1: 968 daAuts
     D:8: 917 daAuts
     D:6: 731 daAuts
Gauntlet: 465 daAuts
    D:13: 319 daAuts
